TOP OF THE 1ST |
Birmingham Barons batting - Pitching for Midland RockHounds : LHP Manny Trump
|
Pitching: LHP Manny Trump
|
|
Batting: RHB Adam Lambert
|
0-0: Ball 1-0: Ground out 3-1 (Groundball, 34, EV 95.0 MPH)
|
Batting: SHB In-sung Lee
|
0-0: Ball 1-0: Fly out, F8 (Line Drive, 8RD, EV 93.1 MPH)
|
Batting: RHB Dusty Ballard
|
0-0: Ball 1-0: Ball 2-0: Called Strike 2-1: Ground out 6-3 (Groundball, 6, EV 85.0 MPH)
|
Top of the 1st over - 0 runs, 0 hits, 0 errors, 0 left on base; Birmingham 0 - Midland 0 |
BOTTOM OF THE 1ST |
Midland RockHounds batting - Pitching for Birmingham Barons : RHP Eric Ovitt
|
Pitching: RHP Eric Ovitt
|
|
Batting: SHB Brace Harper
|
0-0: Ground out 3-1 (Groundball, 34D, EV 102.5 MPH)
|
Batting: RHB Miguel Trevino
|
0-0: Ball 1-0: Foul Ball, location: 2F 1-1: Ground out 1-3 (Groundball, 13S, EV 64.4 MPH)
|
Batting: LHB Tommy King
|
0-0: Ball 1-0: Ball 2-0: Ball 3-0: Base on Balls
|
Batting: LHB Mike Garland
|
0-0: Called Strike 0-1: Ball 1-1: Ground out 4-3 (Groundball, 34, EV 110.0 MPH)
|
Bottom of the 1st over - 0 runs, 0 hits, 0 errors, 1 left on base; Birmingham 0 - Midland 0 |
TOP OF THE 2ND |
Birmingham Barons batting - Pitching for Midland RockHounds : LHP Manny Trump
|
Batting: RHB Mike Warzecha
|
0-0: SINGLE (Groundball, 34D, EV 95.6 MPH)
|
Batting: LHB Dustin Taylor
|
0-0: Foul Ball, location: 2F 0-1: Fly out, F8 (Line Drive, 8RM, EV 90.6 MPH)
|
Batting: RHB Paul Lloyd
|
0-0: Grounds into double play, 5-4-3 (Groundball, 56, EV 104.4 MPH)
|
Top of the 2nd over - 0 runs, 1 hit, 0 errors, 0 left on base; Birmingham 0 - Midland 0 |
BOTTOM OF THE 2ND |
Midland RockHounds batting - Pitching for Birmingham Barons : RHP Eric Ovitt
|
Batting: RHB Jason Swisher
|
0-0: Called Strike 0-1: Foul Ball, location: 2F 0-2: Strikes out looking
|
Batting: LHB Zachary DeLuca
|
0-0: Called Strike 0-1: Swinging Strike 0-2: Foul Ball, location: 2F 0-2: Ground out 4-3 (Groundball, 4, EV 89.4 MPH)
|
Batting: SHB Todd Hewitt
|
0-0: Fly out, F8 (Flyball, 8LXD, EV 93.8 MPH)
|
Bottom of the 2nd over - 0 runs, 0 hits, 0 errors, 0 left on base; Birmingham 0 - Midland 0 |
TOP OF THE 3RD |
Birmingham Barons batting - Pitching for Midland RockHounds : LHP Manny Trump
|
Batting: LHB Alberto Carrasco
|
0-0: Foul Ball, location: 2F 0-1: Ball 1-1: Fly out, F8 (Line Drive, 8LM, EV 93.1 MPH)
|
Batting: RHB Jamie Ogilvie
|
0-0: Fly out, F4 (Popup, 3S, EV 85.6 MPH)
|
Batting: LHB Preston Knaak
|
0-0: Foul Ball, location: 2F 0-1: Ball 1-1: Ground out 6-3 (Groundball, 56, EV 88.8 MPH)
|
Top of the 3rd over - 0 runs, 0 hits, 0 errors, 0 left on base; Birmingham 0 - Midland 0 |
BOTTOM OF THE 3RD |
Midland RockHounds batting - Pitching for Birmingham Barons : RHP Eric Ovitt
|
Batting: RHB Jonathan Lugo
|
0-0: Called Strike 0-1: Called Strike 0-2: Foul Ball, location: 2F 0-2: Ball 1-2: Ball 2-2: Fly out, F7 (Flyball, 7LS, EV 84.4 MPH)
|
Batting: RHB Carlos Ballesteros
|
0-0: Ball 1-0: SINGLE (Groundball, 56D, EV 98.1 MPH)
|
Batting: SHB Brace Harper
|
0-0: Ball 1-0: Fielders Choice at 2nd, 4-6 (Groundball, 4, EV 87.5 MPH)
|
Batting: RHB Miguel Trevino
|
0-0: Ball Brace Harper is caught stealing 2nd base 2-4
|
Bottom of the 3rd over - 0 runs, 1 hit, 0 errors, 0 left on base; Birmingham 0 - Midland 0 |
TOP OF THE 4TH |
Birmingham Barons batting - Pitching for Midland RockHounds : LHP Manny Trump
|
Batting: RHB Adam Lambert
|
0-0: Ground out 6-3 (Groundball, 6, EV 84.4 MPH)
|
Batting: SHB In-sung Lee
|
0-0: Ground out 3-1 (Groundball, 34, EV 92.5 MPH)
|
Batting: RHB Dusty Ballard
|
0-0: Called Strike 0-1: Swinging Strike 0-2: Ball 1-2: DOUBLE (Flyball, 89XD, EV 103.8 MPH)
|
Batting: RHB Mike Warzecha
|
0-0: Foul Ball, location: 2F 0-1: Ball 1-1: Foul Ball, location: 2F 1-2: Ball 2-2: Ground out 3-1 (Groundball, 34S, EV 88.8 MPH)
|
Top of the 4th over - 0 runs, 1 hit, 0 errors, 1 left on base; Birmingham 0 - Midland 0 |
BOTTOM OF THE 4TH |
Midland RockHounds batting - Pitching for Birmingham Barons : RHP Eric Ovitt
|
Batting: RHB Miguel Trevino
|
0-0: Ball 1-0: Called Strike 1-1: Foul Ball, location: 2F 1-2: Ground out 4-3 (Groundball, 34, EV 77.5 MPH)
|
Batting: LHB Tommy King
|
0-0: Fly out, F7 (Flyball, 78D, EV 100.6 MPH)
|
Batting: LHB Mike Garland
|
0-0: Ball 1-0: Called Strike 1-1: Ground out 5-3 (Groundball, 5, EV 91.2 MPH)
|
Bottom of the 4th over - 0 runs, 0 hits, 0 errors, 0 left on base; Birmingham 0 - Midland 0 |
TOP OF THE 5TH |
Birmingham Barons batting - Pitching for Midland RockHounds : LHP Manny Trump
|
Batting: LHB Dustin Taylor
|
0-0: Called Strike 0-1: Foul Ball, location: 2F 0-2: Strikes out swinging
|
Batting: RHB Paul Lloyd
|
0-0: Ball 1-0: Ball 2-0: Ball 3-0: Base on Balls
|
Batting: LHB Alberto Carrasco
|
0-0: Called Strike 0-1: Foul Ball, location: 2F 0-2: Ball 1-2: Ball 2-2: DOUBLE (Line Drive, 89D, EV 105.0 MPH) Paul Lloyd to third
|
Batting: RHB Jamie Ogilvie
|
0-0: Called Strike 0-1: Swinging Strike 0-2: Strikes out swinging
|
Batting: LHB Preston Knaak
|
0-0: Ball 1-0: Called Strike 1-1: Called Strike 1-2: Ball 2-2: Strikes out looking
|
Top of the 5th over - 0 runs, 1 hit, 0 errors, 2 left on base; Birmingham 0 - Midland 0 |
BOTTOM OF THE 5TH |
Midland RockHounds batting - Pitching for Birmingham Barons : RHP Eric Ovitt
|
Batting: RHB Jason Swisher
|
0-0: Reached on error, E6 (Groundball, 6, EV 100.0 MPH)
|
Batting: LHB Zachary DeLuca
|
0-0: Ball 1-0: Foul Ball, location: 2F 1-1: Ball 2-1: Fielders Choice at 2nd, 4-6 (Groundball, 4, EV 88.1 MPH)
|
Batting: SHB Todd Hewitt
|
0-0: Called Strike 0-1: Ball 1-1: Called Strike 1-2: Ball 2-2: Fly out, F2 (Popup, 2RF, EV 92.5 MPH)
|
Batting: RHB Jonathan Lugo
|
0-0: Ball Zachary DeLuca steals 2nd base 1-0: Ball 2-0: Called Strike 2-1: Foul Ball, location: 2F 2-2: Fly out, F7 (Line Drive, 7, EV 107.5 MPH)
|
Bottom of the 5th over - 0 runs, 0 hits, 1 error, 1 left on base; Birmingham 0 - Midland 0 |
TOP OF THE 6TH |
Birmingham Barons batting - Pitching for Midland RockHounds : LHP Manny Trump
|
Batting: RHB Adam Lambert
|
0-0: Called Strike 0-1: SINGLE (Groundball, 56D, EV 100.6 MPH)
|
Batting: SHB In-sung Lee
|
0-0: Ball Adam Lambert steals 2nd base 1-0: Foul Ball, location: 2F 1-1: Called Strike 1-2: Fly out, F8 (Flyball, 8LXD, EV 110.0 MPH) Runner from 2nd tags up, SAFE at 3rd, no throw by CF
|
Batting: RHB Dusty Ballard
|
0-0: Called Strike 0-1: Ball 1-1: Called Strike 1-2: Strikes out swinging
|
Batting: RHB Mike Warzecha
|
0-0: DOUBLE (Line Drive, 8LXD, EV 101.9 MPH) Adam Lambert scores
|
Batting: LHB Dustin Taylor
|
0-0: Ball 1-0: Foul Ball, location: 2F 1-1: Ball 2-1: Swinging Strike 2-2: Foul Ball, location: 2F 2-2: Ball 3-2: Strikes out looking
|
Top of the 6th over - 1 run, 2 hits, 0 errors, 1 left on base; Birmingham 1 - Midland 0 |
BOTTOM OF THE 6TH |
Midland RockHounds batting - Pitching for Birmingham Barons : RHP Eric Ovitt
|
Batting: RHB Carlos Ballesteros
|
0-0: Called Strike 0-1: Ball 1-1: Ball 2-1: DOUBLE (Groundball, 5L, EV 99.4 MPH)
|
Batting: SHB Brace Harper
|
0-0: Ball 1-0: SINGLE (Groundball, 34D, EV 104.4 MPH) Carlos Ballesteros to third Runner from 3rd tries for Home, SAFE, throw by RF to home
|
Batting: RHB Miguel Trevino
|
0-0: Ball 1-0: Foul Ball, location: 2F 1-1: Ball Brace Harper steals 2nd base 2-1: Foul Ball, location: 2F 2-2: Strikes out looking
|
Batting: LHB Tommy King
|
0-0: Called Strike Brace Harper steals 3rd base 0-1: Ball 1-1: Called Strike 1-2: Foul Ball, location: 2F 1-2: Strikes out looking
|
Batting: LHB Mike Garland
|
0-0: Called Strike 0-1: Fly out, F7 (Flyball, 7LM, EV 101.9 MPH)
|
Bottom of the 6th over - 1 run, 2 hits, 0 errors, 1 left on base; Birmingham 1 - Midland 1 |
TOP OF THE 7TH |
Birmingham Barons batting - Pitching for Midland RockHounds : LHP Manny Trump
|
Batting: RHB Paul Lloyd
|
0-0: Ball 1-0: Foul Ball, location: 2F 1-1: Foul Ball, location: 2F 1-2: Foul Ball, location: 2F 1-2: Foul Ball, location: 2F 1-2: Strikes out swinging
|
Batting: LHB Alberto Carrasco
|
0-0: Called Strike 0-1: Ball 1-1: Fly out, F8 (Flyball, 8RS, EV 89.4 MPH)
|
Batting: RHB Jamie Ogilvie
|
0-0: Ball 1-0: Ground out 6-3 (Groundball, 6, EV 86.9 MPH)
|
Top of the 7th over - 0 runs, 0 hits, 0 errors, 0 left on base; Birmingham 1 - Midland 1 |
BOTTOM OF THE 7TH |
Midland RockHounds batting - Pitching for Birmingham Barons : RHP Eric Ovitt
|
Batting: RHB Jason Swisher
|
0-0: Foul Ball, location: 2F 0-1: Ball 1-1: Ground out 3-1 (Groundball, 34, EV 105.0 MPH)
|
Batting: LHB Zachary DeLuca
|
0-0: Called Strike 0-1: Ground out 5-3 (Groundball, 25, EV 68.1 MPH)
|
Batting: SHB Todd Hewitt
|
0-0: Ball 1-0: Called Strike 1-1: Ball 2-1: Foul Ball, location: 2F 2-2: Ball 3-2: Strikes out swinging
|
Bottom of the 7th over - 0 runs, 0 hits, 0 errors, 0 left on base; Birmingham 1 - Midland 1 |
TOP OF THE 8TH |
Birmingham Barons batting - Pitching for Midland RockHounds : LHP Manny Trump
|
Pinch Hitting: RHB Hector Padilla
|
0-0: Fly out, F8 (Flyball, 8LM, EV 91.9 MPH)
|
Batting: RHB Adam Lambert
|
0-0: SINGLE (Groundball, P, EV 95.0 MPH)
|
Batting: SHB In-sung Lee
|
0-0: Called Strike Adam Lambert steals 2nd base 0-1: Called Strike 0-2: Ball 1-2: Ground out 6-3 (Groundball, 6, EV 103.8 MPH)
|
Batting: RHB Dusty Ballard
|
0-0: Ground out U3 (Groundball, 3S, EV 80.0 MPH)
|
Top of the 8th over - 0 runs, 1 hit, 0 errors, 1 left on base; Birmingham 1 - Midland 1 |
BOTTOM OF THE 8TH |
Midland RockHounds batting - Pitching for Birmingham Barons : RHP Eric Ovitt
|
Now at C: Alex Harvey
|
|
Pinch Hitting: LHB John Shults
|
0-0: Called Strike 0-1: Fly out, F7 (Line Drive, 7, EV 94.4 MPH)
|
Pinch Hitting: LHB Lee Gerken
|
0-0: Foul Ball, location: 2F 0-1: Ball 1-1: Fly out, F8 (Flyball, 89S, EV 81.2 MPH)
|
Batting: SHB Brace Harper
|
0-0: Ball 1-0: Ball 2-0: Swinging Strike 2-1: Called Strike 2-2: Foul Ball, location: 2F 2-2: Ball 3-2: Base on Balls
|
Pitching: RHP Michael McMurry
|
|
Batting: RHB Miguel Trevino
|
0-0: Ball 1-0: Swinging Strike 1-1: Ball 2-1: Ball Brace Harper steals 2nd base 3-1: Foul Ball, location: 2F 3-2: SINGLE (Line Drive, 6MD, EV 95.0 MPH) Brace Harper to third Runner from 3rd tries for Home, SAFE, throw by CF to home
|
Batting: LHB Tommy King
|
0-0: Ball Miguel Trevino steals 2nd base 1-0: Ball 2-0: Ball 3-0: Base on Balls
|
Batting: LHB Mike Garland
|
0-0: Ball 1-0: Called Strike 1-1: Swinging Strike 1-2: Foul Ball, location: 2F 1-2: Fly out, F8 (Flyball, 8RD, EV 101.2 MPH)
|
Bottom of the 8th over - 1 run, 1 hit, 0 errors, 2 left on base; Birmingham 1 - Midland 2 |
TOP OF THE 9TH |
Birmingham Barons batting - Pitching for Midland RockHounds : LHP Manny Trump
|
Pitching: RHP Andrew Douglas
|
|
Now at 1B: Lee Gerken
|
|
Now at 2B: Zachary DeLuca
|
|
Now at 3B: Jason Swisher
|
|
Now in RF: John Shults
|
|
Batting: RHB Mike Warzecha
|
0-0: Called Strike 0-1: Foul Ball, location: 2F 0-2: Ball 1-2: Ball 2-2: Foul Ball, location: 2F 2-2: Ball 3-2: Base on Balls
|
Batting: LHB Dustin Taylor
|
0-0: Swinging Strike 0-1: Called Strike 0-2: Ball 1-2: Strikes out looking
|
Pinch Hitting: LHB Wes Goscinski
|
0-0: Foul Ball, location: 2F 0-1: Foul Ball, location: 2F 0-2: Foul Ball, location: 2F 0-2: SINGLE (Line Drive, 3D, EV 94.4 MPH) Mike Warzecha to second Runner from 2nd tries for 3rd, SAFE, no throw by RF
|
Batting: LHB Alberto Carrasco
|
0-0: Called Strike 0-1: Ball 1-1: Called Strike 1-2: Ball 2-2: Fly out, F6 (Line Drive, 6, EV 70.6 MPH) Lined into DP, 6-5 (Line Drive, 6, EV 66.9 MPH)
|
Top of the 9th over - 0 runs, 1 hit, 0 errors, 1 left on base; Birmingham 1 - Midland 2 |
|